 Dungeon Crawl Stone Soup version 0.30-a0-297-g0ec75d9ef4 (webtiles) character file.

Game seed: 15411075599776876694

363 sleeves the Sneak (level 6, -1/44 HPs)
             Began as a Vampire Hunter on Oct 18, 2022.
             Killed by nerve-wracking pain
             ... invoked by Grinder
              (3 damage)
             ... on level 4 of the Dungeon.
             The game lasted 00:06:22 (3066 turns).

sleeves the Sneak (Vampire Hunter)                  Turns: 3066, Time: 00:06:23

Health: -1/44      AC:  3    Str:  8 (10) XL:     6   Next: 39%
Magic:  6/6        EV: 11    Int: 13 (14) God:
Gold:   165        SH:  0    Dex: 15 (17) Spells: 5/5 levels left

rFire   . . .      SeeInvis +    a - +0 shortbow
rCold   . . .      Faith    .    (shield currently unavailable)
rNeg    . . .      Spirit   .    c - +0 leather armour
rPois   .          Reflect  .    (no helmet)
rElec   .          Harm     .    (no cloak)
rCorr   .          Rampage  .    (no gloves)
Will    .....                    (no boots)
Stlth   ++++......               (no amulet)
HPRegen 0.47/turn                (no ring)
MPRegen 0.10/turn                (no ring)

@: attractive, healing quickly, hasted, invisible, very quick
A: alive, fangs 3, see invisible, vampiric 2
a: Exsanguinate


You were on level 4 of the Dungeon.
You visited 1 branch of the dungeon, and saw 5 of its levels.

You collected 165 gold pieces.

Inventory:

Hand Weapons
 a - a +0 shortbow (weapon)
 b - a +1 dagger of draining
   (You took it off a kobold on level 1 of the Dungeon)
 r - a +4 dagger
   (You took it off an orc wizard on level 5 of the Dungeon)
Armour
 c - a +0 leather armour (worn)
Jewellery
 q - a ring of flight
   (You found it on level 2 of the Dungeon)
 t - a +6 ring of dexterity
   (You took it off a goblin on level 3 of the Dungeon)
Scrolls
 e - 6 scrolls of identify {unknown}
 g - a scroll of immolation
 j - a scroll of amnesia {unknown}
 l - a scroll of fear {unknown}
 m - a scroll of acquirement {unknown}
 n - a scroll of enchant armour {unknown}
 o - a scroll of noise {unknown}
 p - a scroll of silence {unknown}
 u - a scroll of magic mapping {unknown}
 v - a scroll of blinking {unknown}
 x - a scroll of brand weapon {unknown}
Potions
 h - 2 potions of might {unknown}
 i - a potion of haste
 k - a potion of attraction
 s - a potion of ambrosia {unknown}


   Skills:
 - Level 1.7 Fighting
 + Level 4.4 Short Blades
 - Level 3.2 Ranged Weapons
 - Level 2.1 Dodging
 + Level 7.9 Stealth


You had 5 spell levels left.
You didn't know any spells.
Your spell library contained the following spells:

 Spells                   Type           Power      Damage    Failure   Level
 Necrotise                Necr           0%         1d4       41%         1


Dungeon Overview and Level Annotations

Branches:
Dungeon (5/15)
 Temple: D:4-7

Altars:
Ru

Annotations:
D:4 Blork the orc, Grinder
D:5 exclusion: sky beast, Sigmund


Innate Abilities, Weirdness & Mutations

Your natural rate of healing is accelerated.
You have razor-sharp teeth.
You have supernaturally acute eyesight. (SInv)
You are afflicted with vampirism and can become a bat while bloodless.


Message History

An adder is nearby!
You shoot an arrow. The arrow closely misses the adder.
You shoot an arrow. The arrow hits the adder.
The adder is moderately wounded.
The adder closely misses you.
You shoot an arrow. The arrow misses the adder.
The adder closely misses you. x2
You shoot an arrow. The arrow hits the adder!
You kill the adder!
l - a scroll labelled KATUREUGEO
Things that are here:
a +0 dagger; 6 poisoned darts
Found a club.
You see here a +0 club.
You see here a +0 club.
A ball python comes into view.
A ball python is nearby!
You shoot an arrow. The arrow hits the ball python.
The ball python hisses angrily.
The ball python is moderately wounded.
You shoot an arrow.
The arrow hits the ball python but does no damage.
The ball python is moderately wounded.
The ball python barely misses you. The ball python completely misses you.
You shoot an arrow.
The arrow closely misses the ball python.
The ball python closely misses you. The ball python barely misses you.
The ball python closely misses you. The ball python misses you.
A ball python is nearby!
You shoot an arrow.
The arrow hits the ball python but does no damage.
The ball python is moderately wounded.
The ball python barely misses you. The ball python closely misses you.
The ball python barely misses you. The ball python misses you.
A ball python is nearby!
You shoot an arrow. The arrow hits the ball python.
You kill the ball python!
No target in view!
Found a stone staircase leading up.
h - 2 purple potions (gained 1)
m - a scroll labelled UZAS REAXY
e - 2 scrolls labelled ESAC YQAAPNOX (gained 1)
A kobold comes into view.
It is wielding a +0 short sword of draining.
The kobold moves out of view.
A kobold is nearby!
A kobold is nearby!
You shoot an arrow. The arrow hits the kobold.
You kill the kobold!
No target in view!
Things that are here:
a +0 short sword of draining; 3 stones
Found a stone staircase leading up.
Found a club.
You see here a +0 club.
n - a scroll labelled WESOHOO YLAIK No target in view!
You see here a +0 club.
A hobgoblin comes into view.
A hobgoblin is nearby!
A hobgoblin is nearby!
A hobgoblin is nearby!
You shoot an arrow. The arrow hits the hobgoblin.
The hobgoblin shouts!
The hobgoblin is moderately wounded.
You hear a shout! x3
A hobgoblin comes into view. x2
You hear a shout!
The hobgoblin shouts!
You shoot an arrow. The arrow hits the hobgoblin!
You kill the hobgoblin!
A goblin comes into view. It is wielding a +0 club.
A goblin comes into view. It is wielding a +0 dagger.
Your Short Blades skill increases to level 2!
You have reached level 4!
You shoot an arrow. The arrow barely misses the hobgoblin.
The arrow hits the goblin!
You kill the goblin!
A goblin comes into view. It is wielding a +0 club.
The goblin moves out of view.
You shoot an arrow. The arrow hits the hobgoblin!
You kill the hobgoblin!
You shoot an arrow. The arrow hits the goblin!
You kill the goblin!
You shoot an arrow. The arrow hits the goblin.
You kill the goblin!
You shoot an arrow. The arrow hits the hobgoblin.
You kill the hobgoblin!
No target in view!
No target in view!
Items here: )) †††.
A goblin comes into view. It is wielding a +0 club.
You shoot an arrow. The arrow barely misses the goblin.
The goblin shouts!
You shoot an arrow. The arrow hits the goblin.
You kill the goblin!
You see here a hobgoblin corpse.
You see here a hobgoblin corpse.
Things that are here:
a +0 club; a goblin corpse
Things that are here:
a +0 club; a goblin corpse You see here a hobgoblin corpse.
Found a leather armour.
You see here a +0 leather armour.
Found a stone staircase leading down.
o - a scroll labelled ZENYALASIDD
Found a chain mail.
A dart slug comes into view.
You see here a scroll labelled DOCAMO BA FOS.
A dart slug is nearby!
A dart slug is nearby!
A dart slug is nearby!
You shoot an arrow. The arrow hits the dart slug.
The dart slug is moderately wounded.
You shoot an arrow.
The arrow hits the dart slug but does no damage.
The dart slug is moderately wounded.
You shoot an arrow. The arrow hits the dart slug.
The dart slug is severely wounded.
The dart slug launches a dart at you.
The slug dart hits you but does no damage.
You shoot an arrow. The arrow hits the dart slug!
You kill the dart slug!
An endoplasm comes into view.
You shoot an arrow. The arrow hits the endoplasm!
You kill the endoplasm!
No target in view!
p - a scroll labelled DOCAMO BA FOS
k - 2 emerald potions (gained 1)
A rat comes into view.
A rat is nearby!
You shoot an arrow. The arrow hits the rat.
You kill the rat!
An endoplasm comes into view.
You shoot an arrow. The arrow barely misses the endoplasm.
You shoot an arrow.
The arrow completely misses the endoplasm.
You shoot an arrow. The arrow barely misses the endoplasm.
The endoplasm barely misses you.
You shoot an arrow.
The arrow hits the endoplasm but does no damage.
The endoplasm misses you.
You shoot an arrow.
The arrow hits the endoplasm but does no damage.
The endoplasm barely misses you. The endoplasm freezes you.
You are frozen.
You shoot an arrow.
The arrow hits the endoplasm but does no damage.
The endoplasm freezes you.
You are frozen.
You shoot an arrow. The arrow hits the endoplasm.
The endoplasm is lightly wounded.
The endoplasm freezes you.
You are frozen.
You shoot an arrow. The arrow hits the endoplasm.
The endoplasm is almost dead.
The endoplasm freezes you.
You are frozen.
The endoplasm freezes you.
You are frozen.
You shoot an arrow.
The arrow completely misses the endoplasm.
The endoplasm hits you.
You are too injured to fight recklessly!
You are too injured to fight recklessly!
You are too injured to fight recklessly!
You are too injured to fight recklessly!
You are too injured to fight recklessly!
Fire: a) +0 shortbow
Press: ? - help, Q - select action Shift-Dir - straight line, f/p - endoplasm
Aim: an endoplasm (almost dead, 86% to hit)
You shoot an arrow. The arrow hits the endoplasm.
You kill the endoplasm!
HP restored.
q - a ring of flight
Okay, then.
An adder comes into view.
Found a club.
An adder is nearby!
An adder is nearby!
You shoot an arrow. The arrow completely misses the adder.
The adder hisses angrily.
You shoot an arrow. The arrow closely misses the adder.
The adder bites you but does no damage.
You shoot an arrow. The arrow hits the adder!
You kill the adder!
r - a scroll labelled IBBIPH EDWALOIKKIT
e - 3 scrolls labelled ESAC YQAAPNOX (gained 1)
A goblin comes into view. It is wielding a +0 sling.
A goblin is nearby!
You shoot an arrow. The arrow closely misses the goblin.
The goblin shouts!
You shoot an arrow. The arrow barely misses the goblin.
The goblin shoots a sling bullet.
The sling bullet hits you but does no damage.
You shoot an arrow. The arrow hits the goblin.
The goblin is moderately wounded.
The goblin shoots a sling bullet.
The sling bullet misses you.
You shoot an arrow. The arrow hits the goblin!
You kill the goblin!
s - a sedimented dark potion You see here a +0 sling.
There is an open door here.
There is an open door here.
A kobold comes into view. It is wielding a +0 whip.
A kobold is nearby!
You shoot an arrow. The arrow hits the kobold.
The kobold shouts!
The kobold is moderately wounded.
You shoot an arrow. The arrow hits the kobold!
You kill the kobold!
No target in view!
Found a leather armour.
A worm comes into view.
A worm is nearby!
You shoot an arrow. The arrow hits the worm!
The worm is moderately wounded.
You shoot an arrow. The arrow hits the worm.
The worm is heavily wounded.
You shoot an arrow. The arrow hits the worm.
The worm is heavily wounded.
You shoot an arrow. The arrow barely misses the worm.
You shoot an arrow. The arrow hits the worm.
The worm is heavily wounded.
You shoot an arrow. The arrow barely misses the worm.
You shoot an arrow. The arrow hits the worm.
The worm is severely wounded.
You shoot an arrow.
The arrow hits the worm but does no damage.
The worm is severely wounded.
The worm bites you!
You shoot an arrow. The arrow hits the worm.
The worm is almost dead.
The worm closely misses you.
You sense an unholy aura.
g - a +1 dagger of draining (weapon)
You hit the worm. You drain the worm.
You kill the worm!
Adjust (i)tems, (s)pells, or (a)bilities?
g - a +1 dagger of draining (weapon)
Adjust to which letter? (? for menu, Esc to quit)
b - a +1 dagger of draining (weapon);
g - a scroll of immolation
a - a +0 shortbow (weapon)
You see here a worm corpse.
A hobgoblin comes into view.
The hobgoblin shouts!
A hobgoblin is nearby!
A hobgoblin is nearby!
You shoot an arrow. The arrow barely misses the hobgoblin.
The hobgoblin closely misses you.
You sense an unholy aura.
b - a +1 dagger of draining (weapon)
The hobgoblin barely misses you.
You hit the hobgoblin. You drain the hobgoblin.
You kill the hobgoblin!
No target in view!
a - a +0 shortbow (weapon)
There is a stone staircase leading down here.
Partly explored, can't reach some places.
Partly explored, can't reach some places.
Partly explored, can't reach some places.
(D) Dungeon
Where to? (Enter - D:2, ? - help)
There is a stone staircase leading down here.
You climb downwards.
There is a stone staircase leading up here.
e - 4 scrolls labelled ESAC YQAAPNOX (gained 1)
i - 2 grey potions (gained 1)
A kobold comes into view. It is wielding a +0 short sword.
A kobold is nearby!
A kobold is nearby!
You shoot an arrow.
The arrow hits the kobold but does no damage.
The kobold shouts!
You shoot an arrow. The arrow barely misses the kobold.
You shoot an arrow. The arrow hits the kobold!
You kill the kobold!
No target in view!
Found a stone staircase leading down.
A goblin comes into view. It is wielding a +0 club.
A goblin is nearby!
You shoot an arrow. The goblin shouts!
The arrow hits the goblin.
The goblin is heavily wounded.
You shoot an arrow. The arrow completely misses the goblin.
A frilled lizard comes into view.
You shoot an arrow. The arrow barely misses the goblin.
The frilled lizard hisses angrily.
The goblin attacks as you move away! The goblin barely misses you.
You shoot an arrow. The arrow barely misses the goblin.
The goblin barely misses you. The goblin hits you with a +0 club.
You shoot an arrow. The arrow barely misses the goblin.
The arrow closely misses the frilled lizard.
The goblin barely misses you.
You shoot an arrow. The arrow hits the goblin.
You kill the goblin!
You shoot an arrow. The arrow hits the frilled lizard!
You kill the frilled lizard!
No target in view!
HP restored.
t - a +6 ring of dexterity You see here a +0 club.
A hobgoblin comes into view.
A hobgoblin is nearby!
You shoot an arrow. The arrow barely misses the hobgoblin.
The hobgoblin shouts!
You shoot an arrow. The arrow barely misses the hobgoblin.
You shoot an arrow. The arrow closely misses the hobgoblin.
You shoot an arrow. The arrow hits the hobgoblin!
You kill the hobgoblin!
No target in view!
You now have 92 gold pieces (gained 8).
You now have 106 gold pieces (gained 14).
Found a stone staircase leading down.
You now have 124 gold pieces (gained 18).
A bat comes into view.
A bat is nearby!
You shoot an arrow. The arrow hits the bat.
You kill the bat!
No target in view!
Found a sling.
You now have 139 gold pieces (gained 15).
A kobold comes into view. It is wielding a +0 whip.
A kobold is nearby!
You shoot an arrow. The arrow hits the kobold.
The kobold shouts!
The kobold is severely wounded.
You shoot an arrow.
The arrow hits the kobold but does no damage.
The kobold is severely wounded.
A worm comes into view.
You shoot an arrow. The arrow hits the kobold!
You kill the kobold!
You shoot an arrow. The arrow barely misses the worm.
You shoot an arrow. The arrow hits the worm.
The worm is moderately wounded.
You shoot an arrow. The arrow barely misses the worm.
You sense an unholy aura.
b - a +1 dagger of draining (weapon)
You barely miss the worm.
The worm is moderately wounded.
The worm closely misses you.
You barely miss the worm.
The worm is lightly wounded.
You hit the worm. You drain the worm.
The worm is heavily wounded.
The worm barely misses you.
You barely miss the worm.
The worm is heavily wounded.
You hit the worm.
The worm is heavily wounded.
The worm bites you.
You hit the worm.
The worm is heavily wounded.
You hit the worm. You drain the worm.
The worm is severely wounded.
The worm bites you but does no damage.
You completely miss the worm. You bite the worm, but do no damage.
The worm is severely wounded.
You barely miss the worm.
The worm is severely wounded.
The worm closely misses you.
You barely miss the worm. You punch the worm.
The worm is almost dead.
You hit the worm.
You kill the worm!
No target in view!
a - a +0 shortbow (weapon)
Things that are here:
a +0 whip; a kobold corpse An endoplasm comes into view.
You see here a scroll labelled BELEASHRIAXT.
An endoplasm is nearby!
An endoplasm is nearby!
You shoot an arrow. The endoplasm quivers.
The arrow hits the endoplasm.
The endoplasm is lightly wounded.
You shoot an arrow. The arrow barely misses the endoplasm.
You shoot an arrow.
The arrow hits the endoplasm but does no damage.
The endoplasm is lightly wounded.
You shoot an arrow. The arrow barely misses the endoplasm.
The endoplasm hits you.
You shoot an arrow. The arrow hits the endoplasm.
The endoplasm is almost dead.
The endoplasm freezes you.
You are frozen.
You sense an unholy aura.
b - a +1 dagger of draining (weapon)
The endoplasm freezes you.
You are frozen.
You hit the endoplasm.
You kill the endoplasm!
No target in view!
a - a +0 shortbow (weapon)
u - a scroll labelled BELEASHRIAXT
Found a stone.
Found a stone staircase leading down.
v - a scroll labelled LEDYDASCHOP
e - 5 scrolls labelled ESAC YQAAPNOX (gained 1)
Found a sacrificial altar of Ru.
A ball python comes into view.
A ball python is nearby!
You shoot an arrow. The ball python hisses angrily.
The arrow hits the ball python!
You kill the ball python!
No target in view!
A kobold comes into view. It is wielding a +0 club.
A kobold is nearby!
A kobold is nearby!
You shoot an arrow. The arrow barely misses the kobold.
The kobold shouts!
You shoot an arrow. The arrow hits the kobold!
You kill the kobold!
No target in view!
A frilled lizard comes into view.
A frilled lizard is nearby!
A frilled lizard is nearby!
You shoot an arrow. The frilled lizard hisses angrily.
The arrow hits the frilled lizard.
You kill the frilled lizard!
You see here a ball python corpse.
You see here a frilled lizard corpse.
Found a leather armour.
Found a ring mail.
You now have 156 gold pieces (gained 17).
You open the door.
A kobold comes into view. It is wielding a +0 short sword.
A kobold is nearby!
You shoot an arrow. The arrow hits the kobold!
You kill the kobold!
A dart slug comes into view.
You shoot an arrow. The arrow hits the dart slug.
The dart slug is moderately wounded.
No target in view!
A rat comes into view.
Found a rapier.
There is an open door here.
You shoot an arrow. The arrow hits the dart slug.
The dart slug is moderately wounded.
The dart slug launches a dart at you. The slug dart hits you.
You shoot an arrow. The arrow hits the dart slug!
You kill the dart slug!
Your Stealth skill increases to level 6!
You shoot an arrow. The arrow hits the rat!
You kill the rat!
You sense an unholy aura.
b - a +1 dagger of draining (weapon)
No target in view!
A bat and a ball python come into view.
Found a chain mail.
There are monsters nearby!
a - a +0 shortbow (weapon)
The ball python hisses angrily.
You shoot an arrow. The arrow barely misses the bat.
The bat closely misses you.
You shoot an arrow. The arrow barely misses the bat.
The arrow hits the ball python.
You kill the ball python!
The bat hits you but does no damage.
An orc comes into view. It is wielding a +0 falchion.
You shoot an arrow. The arrow misses the bat.
The orc shouts!
You hear a shout! x2
The bat hits you. x2
You shoot an arrow. The arrow barely misses the bat.
The bat hits you. x2
An orc comes into view. It is wielding a +0 club.
You shoot an arrow. The arrow closely misses the bat.
The bat hits you but does no damage. x2
An orc priest comes into view. It is wielding a +0 short sword.
The bat closely misses you.
There is an open door here.
The bat hits you but does no damage. The bat attacks as you move away!
The bat closely misses you. The bat hits you but does no damage.
The bat hits you but does no damage. The bat closely misses you.
You shoot an arrow. The arrow barely misses the bat.
The arrow hits the orc!
You kill the orc!
The bat hits you but does no damage. x2
You shoot an arrow. The arrow hits the bat!
You kill the bat!
You shoot an arrow. The arrow barely misses the orc.
The arrow hits the orc priest!
The orc priest is severely wounded.
The orc hits you with a +0 falchion.
You shoot an arrow. The arrow hits the orc.
The orc is almost dead.
The orc hits you with a +0 falchion!
You sense an unholy aura.
b - a +1 dagger of draining (weapon)
The orc hits you with a +0 falchion.
* * * LOW HITPOINT WARNING * * *
You hit the orc.
You kill the orc!
The orc priest hits you with a +0 short sword.
* * * LOW HITPOINT WARNING * * *
Things that are here:
a +0 falchion; an orc corpse; a bat corpse You closely miss the orc priest.
The orc priest is severely wounded.
The orc priest casts a cantrip, but nothing happens.
You hit the orc priest. You drain the orc priest.
The orc priest is almost dead.
The orc priest hits you with a +0 short sword.
* * * LOW HITPOINT WARNING * * *
You hit the orc priest but do no damage.
You drain the orc priest.
You kill the orc priest!
Your Short Blades skill increases to level 3!
You have reached level 5!
You feel clever.
Things that are here:
a +0 short sword; an orc corpse
Things that are here:
a +0 club; an orc corpse
There is an open door here.
An orc comes into view. It is wielding a +0 club.
An orc is nearby!
An orc is nearby!
a - a +0 shortbow (weapon)
The orc shouts!
You shoot an arrow. The arrow barely misses the orc.
No target in view!
An orc is nearby!
You shoot an arrow. The arrow hits the orc.
The orc is severely wounded.
You shoot an arrow.
The arrow hits the orc but does no damage.
The orc is severely wounded.
The orc closely misses you.
You sense an unholy aura.
b - a +1 dagger of draining (weapon)
You hit the orc but do no damage. You drain the orc.
You kill the orc!
No target in view!
a - a +0 shortbow (weapon)
e - 6 scrolls labelled ESAC YQAAPNOX (gained 1)
Things that are here:
a +0 club; a +0 chain mail; an orc corpse You see here a +0 chain mail.
There is an open door here.
There is a stone staircase leading down here.
A rat comes into view.
A rat is nearby!
A rat is nearby!
You shoot an arrow. The arrow hits the rat.
You kill the rat!
You see here a rat corpse.
Found a stone staircase leading up.
You see here a rat corpse.
Key pressed, stopping explore.
Partly explored, can't reach some places.
Partly explored, can't reach some places.
Partly explored, can't reach some places.
Partly explored, can't reach some places.
Really walk into that teleport trap?
You enter a teleport trap!
The teleport trap disappears.
Your surroundings suddenly seem different.
Found a stone staircase leading up.
Done exploring.
Done exploring.
(D) Dungeon
Where to? (Enter - D:3, ? - help)
There is a stone staircase leading down here.
You climb downwards.
There is a stone staircase leading up here.
An endoplasm comes into view.
Found 7 gold pieces.
An endoplasm is nearby!
You shoot an arrow. The arrow hits the endoplasm!
You kill the endoplasm!
No target in view!
An orc comes into view. It is wielding a +0 short sword.
An orc is nearby!
An orc is nearby!
You shoot an arrow. The arrow completely misses the orc.
The orc throws a boomerang.
The boomerang hits you.
You shoot an arrow. The arrow hits the orc.
The orc is almost dead.
The orc throws a boomerang.
The boomerang closely misses you.
The orc throws a boomerang.
The boomerang barely misses you.
You shoot an arrow.
The arrow hits the orc but does no damage.
The orc is almost dead.
You shoot an arrow. The arrow barely misses the orc.
You shoot an arrow. The arrow hits the orc.
You kill the orc!
HP restored.
A jelly comes into view.
A jelly is nearby!
A jelly is nearby!
You shoot an arrow. The arrow hits the jelly.
The jelly quivers.
The jelly is moderately wounded.
You shoot an arrow. The arrow hits the jelly.
The jelly is severely wounded.
You shoot an arrow. The arrow hits the jelly.
You kill the jelly!
Found a leather armour.
Blork the orc comes into view.
He is wielding a +0 halberd.
You see here 7 gold pieces.
Blork the orc is nearby!
You sense an unholy aura.
b - a +1 dagger of draining (weapon)
You don't know any spells.
Okay, then.
An endoplasm comes into view.
Blork the orc shouts!
An endoplasm comes into view.
Blork the orc closely misses you.
Blork the orc gestures wildly while chanting.
Blork the orc seems to speed up.
You hear a shout!
Blork the orc screams, "I'll break your arms!"
There is a stone staircase leading up here.
Blork the orc misses you.
You climb upwards.
There is a stone staircase leading down here.
You see here a +0 club.
There is a stone staircase leading down here.
You climb downwards.
Level annotation: Blork the orc
Found a fuming red potion and a sling.
There is a stone staircase leading up here.
w - a fuming red potion
Found an escape hatch in the ceiling.
Found a robe.
There is an escape hatch in the ceiling here.
Found a stone staircase leading down.
An ufetubus comes into view.
An ufetubus is nearby!
An ufetubus is nearby!
An endoplasm comes into view.
The helpless ufetubus fails to defend itself.
You skewer the ufetubus like a kebab!!!
You kill the ufetubus!
The endoplasm quivers.
You hit the endoplasm.
The endoplasm is severely wounded.
The endoplasm freezes you.
You are frozen.
You hit the endoplasm.
You kill the endoplasm!
HP restored.
There is a stone staircase leading down here.
x - a scroll labelled UDDISU DODAIJAEGA A hound comes into view.
A hound is nearby!
Found a trident.
The helpless hound fails to defend itself.
You perforate the hound like a sieve!!!
You kill the hound!
Your Stealth skill increases to level 7!
A goblin comes into view. It is wielding a +0 club.
The goblin shouts!
You hear a shout! x2
The goblin unwields a +0 club.
The goblin wields a +0 sling.
The goblin shoots a sling bullet.
The sling bullet barely misses you.
You see here a hound corpse.
A goblin is nearby!
You hit the goblin. You drain the goblin.
You kill the goblin!
No target in view!
A hobgoblin comes into view.
There are monsters nearby!
There are monsters nearby!
The hobgoblin barely misses you.
You hit the hobgoblin.
The hobgoblin is almost dead.
The hobgoblin hits you.
A kobold comes into view. It is wielding a +0 short sword.
You hit the hobgoblin but do no damage.
The hobgoblin is severely wounded.
The hobgoblin barely misses you.
You hit the hobgoblin but do no damage. You drain the hobgoblin.
You kill the hobgoblin!
You hit the kobold.
The kobold is heavily wounded.
The kobold hits you but does no damage.
You hit the kobold. You drain the kobold.
You kill the kobold!
The endoplasm freezes you.
You are frozen.
Things that are here:
a +0 short sword; a kobold corpse You hit the endoplasm.
You drain the endoplasm.
You kill the endoplasm!
No target in view!
You see here a hobgoblin corpse.
A hobgoblin comes into view.
A hobgoblin is nearby!
A hobgoblin is nearby!
The hobgoblin shouts!
The hobgoblin hits you.
You hit the hobgoblin but do no damage. You drain the hobgoblin.
Your bite misses the hobgoblin.
The hobgoblin is almost dead.
The hobgoblin barely misses you.
You hit the hobgoblin.
You kill the hobgoblin!
You see here a hobgoblin corpse.
Grinder comes into view.
Grinder shouts!
Grinder is nearby!
Grinder is nearby!
Grinder gestures at you.
You suddenly lose the ability to move!
Grinder blinks!
You can move again.
Unknown command.
Unknown command.
Unknown command.
Unknown command.
Unknown command.
Unknown command.
Unknown command.
Grinder gestures at you.
You struggle to resist.
Grinder gestures at you. Pain shoots through your body!
Grinder gestures at you. You resist with significant effort.
Found 20 gold pieces.
Grinder says, "Wait up."
There is a stone staircase leading up here.
You climb upwards.
There is a stone staircase leading down here.
There is a stone staircase leading down here.
You climb downwards.
Level annotation: Blork the orc, Grinder The ufetubus shouts!
The endoplasm quivers.
There is a stone staircase leading up here.
Found a glowing golden altar of the Shining One.
The ufetubus closely misses you. x3; The ufetubus barely misses you.
You closely miss the ufetubus. The ufetubus hits you. x2
You barely miss the ufetubus.
The ufetubus hits you but does no damage.
The ufetubus hits you.
You hit the ufetubus. Your bite misses the ufetubus.
The ufetubus is lightly wounded.
The ufetubus barely misses you.
The ufetubus hits you but does no damage. x2
The ufetubus closely misses you.
You hit the ufetubus.
The ufetubus is heavily wounded.
The ufetubus hits you but does no damage.
The ufetubus barely misses you.
You hit the ufetubus but do no damage.
The ufetubus is heavily wounded.
The ufetubus closely misses you. The ufetubus barely misses you.
You hit the ufetubus.
You kill the ufetubus!
You hit the endoplasm. You drain the endoplasm.
You kill the endoplasm!
No target in view!
No target in view!
No target in view!
No target in view!
No target in view!
No target in view!
No target in view!
No target in view!
No target in view!
No target in view!
No target in view!
HP restored.
There is a stone staircase leading up here.
Found a stone staircase leading down.
(D) Dungeon
Where to? (Enter - D:3 @ (x,y), ? - help)
There is a stone staircase leading down here.
You climb downwards.
Found a glowing barding and a robe.
Found an escape hatch in the floor.
Found a stone staircase leading down and a stone staircase leading up.
There is a stone staircase leading up here.
You see here a +1 barding.
Found 5 stones.
There is an escape hatch in the floor here.
A sky beast comes into view.
A sky beast is nearby!
There is an escape hatch in the floor here.
Found a stone staircase leading down.
An orc wizard comes into view. It is wielding a +4 dagger.
Found a scroll labelled IROSOI FARGHO.
An orc wizard is nearby!
a - a +0 shortbow (weapon)
The orc wizard shouts!
You hear a shout!
Fire: a) +0 shortbow
Press: ? - help, Q - select action Shift-Dir - straight line, f - orc wizard
Aim: an orc wizard, wielding a +4 dagger and wearing a +0 robe (53% to hit)
You shoot an arrow.
The arrow hits the orc wizard but does no damage.
Fire: a) +0 shortbow
Press: ? - help, Q - select action Shift-Dir - straight line, f/p - orc wizard
Aim: an orc wizard, wielding a +4 dagger and wearing a +0 robe (53% to hit)
You shoot an arrow. The arrow hits the orc wizard.
The orc wizard is lightly wounded.
The orc wizard points at you and mumbles some strange words.
You are confused.
The sky beast flickers out of sight for a moment.
An orc comes into view. It is wielding a +0 club.
The orc wizard casts a spell.
The orc wizard flickers and vanishes for a moment.
An orc comes into view. It is wielding a +0 club.
You bump into the rock wall.
You feel less confused.
Okay, then.
As you read the scroll labelled IBBIPH EDWALOIKKIT, it crumbles to dust.
Wisps of shadow whirl around you...
It was a scroll of summoning.
The sky beast hits your orc wizard. The sky beast shocks your orc wizard.
The orc wizard barely misses your orc priest.
The orc wizard hits your orc priest with a +4 dagger.
The sky beast barely misses your orc wizard.
Your orc misses the sky beast.
The sky beast completely misses your orc priest.
Your orc wizard hits the sky beast but does no damage.
Your orc closely misses the sky beast.
The sky beast hits your orc wizard but does no damage.
The orc wizard hits your orc wizard with a +4 dagger.
Your orc closely misses the sky beast.
Your orc barely misses the sky beast.
Your orc wizard casts a spell at the sky beast.
The puff of flame hits the sky beast!
The orc wizard closely misses your orc wizard.
The sky beast flickers out of sight for a moment.
The sky beast hits your orc. The sky beast shocks your orc.
Your orc dies!
Your orc's corpse dissolves into shadows!
Your orc closely misses the sky beast.
You sense an unholy aura.
b - a +1 dagger of draining (weapon)
You swap places.
The orc wizard casts a spell at you. You resist with some effort.
The sky beast misses you.
You hit the sky beast.
The sky beast is moderately wounded.
The sky beast hits you but does no damage.
The orc wizard barely misses you. The orc hits you but does no damage.
Your orc hits the sky beast with a +0 morningstar.
You hit the sky beast.
The sky beast is severely wounded.
The orc wizard hits you with a +4 dagger!
The orc hits your orc wizard with a +0 club.
The sky beast barely misses you.
Your orc barely misses the sky beast.
Your orc wizard misses the orc wizard.
Your orc hits the sky beast with a +0 morningstar!
Your orc wizard hits the sky beast with a +0 dagger.
You catch the helpless sky beast completely off-guard!
You impale the sky beast!!
You kill the sky beast!
The orc wizard points at you and mumbles some strange words.
You resist with some effort. The orc closely misses you.
Your orc hits the orc with a +0 morningstar.
Your orc hits the orc with a +0 short sword.
The orc dies!
Your orc wizard misses the orc wizard.
Your orc wizard hits the orc wizard but does no damage.
Your Short Blades skill increases to level 4!
You have reached level 6!
You closely miss the orc wizard.
The orc wizard is lightly wounded.
The orc wizard hits you with a +4 dagger!
The orc closely misses you.
You hit the orc wizard. You drain the orc wizard.
The orc wizard is moderately wounded.
Your orc wizard hits the orc wizard with a +0 dagger.
Your orc wizard gestures at the orc while chanting.
The magic dart hits the orc wizard!
The orc wizard dies!
You barely miss the orc. The orc closely misses you.
Your orc priest looks satisfied for a moment.
Your orc wizard hits the orc with a +0 dagger.
You barely miss the orc.
The orc is severely wounded.
The orc misses you.
Your orc wizard gestures wildly while chanting.
Your orc wizard flickers and vanishes for a moment.
Your orc closely misses the orc.
Your orc wizard hits the orc with a +0 dagger.
The orc dies!
Things that are here:
a +0 club; an orc corpse You swap places.
Your orc dissolves into shadows! x2
Things that are here:
a +4 dagger; a +0 robe
r - a +4 dagger
Okay, then.
Your orc dissolves into shadows!
Your orc priest dissolves into shadows!
Your orc wizard suddenly shouts, as Orcs often do.
Your orc wizard dissolves into shadows!
Your iguana dissolves into shadows!
Your orc wizard dissolves into shadows!
HP restored.
Your iguana dissolves into shadows!
You now have 165 gold pieces (gained 9).
An orc comes into view. It is wielding a +0 club.
Found 4 stones and a robe.
An orc is nearby!
An orc is nearby!
a - a +0 shortbow (weapon)
You shoot an arrow. The orc shouts!
The arrow hits the orc.
The orc is moderately wounded.
You hear a shout!
You shoot an arrow. The arrow hits the orc.
You kill the orc!
Sigmund the Dreaded comes into view.
He is wielding a +0 scythe.
You shoot an arrow. The arrow completely misses Sigmund.
A hound comes into view.
Sigmund gestures at you while chanting.
You are confused.
You bump into the rock wall.
Sigmund mumbles some strange words.
Sigmund flickers and vanishes for a moment.
An orc comes into view. It is wielding a +0 flail.
Sigmund casts a spell at you.
You are more confused.
Sigmund whispers, "You'll know eternity soon."
It was a potion of curing.
You feel better.
Sigmund points at you and mumbles some strange words.
The puff of flame hits you.
You see here a +0 club.
Sigmund looks at you with fury.
Sigmund points at you and mumbles some strange words.
You resist with some effort.
Sigmund points at you and mumbles some strange words.
You resist with some effort.
There is a stone staircase leading up here.
Sigmund points at you and mumbles some strange words.
You are confused.
In your confused state, you trip and fall back down the stairs.
You climb upwards.
Level annotation: Blork the orc, Grinder Grinder shouts!
Grinder closely misses you.
There is a stone staircase leading down here.
It was a potion of degeneration.
There was something very wrong with that liquid.
You feel weakened.
You feel dopey.
You feel clumsy. Grinder gestures at you. Pain shoots through your body!
It was a potion of attraction.
You feel attractive to monsters.
Grinder says, "Don't move a muscle."
Grinder hits you!
You writhe in agony.
It was a potion of invisibility.
You fade into invisibility!
You feel less confused.
Grinder says, "Wait up."
Grinder gestures at you. Pain shoots through your body!
* * * LOW HITPOINT WARNING * * *
You are already wielding that!
You shoot an arrow. The arrow hits Grinder.
Grinder is lightly wounded.
Grinder gestures at you.
You suddenly lose the ability to move!
Grinder hits you.
* * * LOW HITPOINT WARNING * * *
You writhe in agony.
* * * LOW HITPOINT WARNING * * *
Grinder hits you.
* * * LOW HITPOINT WARNING * * *
Grinder gestures at you. You resist with some effort. Grinder hits you.
* * * LOW HITPOINT WARNING * * *
You writhe in agony.
* * * LOW HITPOINT WARNING * * *
You can move again.
Unknown command.
Unknown command.
Unknown command.
Unknown command.
Unknown command.
Unknown command.
Unknown command.
Unknown command.
Unknown command.
Unknown command.
Unknown command.
Unknown command.
Unknown command.
Unknown command.
Unknown command.
Unknown command.
Unknown command.
Unknown command.
Unknown command.
It was a potion of haste.
You feel yourself speed up. Grinder misses you.
You shoot an arrow. The arrow hits Grinder!
Grinder is moderately wounded.
Grinder gestures at you. Pain shoots through your body!
You die...

...#...#...#..#.#.#
.#...#...#..###.#.#
...#...#..#.###.#.#
.#...#..###..##.#.##
.).#....###........#
)#.†##.............#
#.####...#.#.......#
######..###........#
.5....5..#.#...5@..#
######.##.##.......#
#.#####.......# ###
#.# #....#..# ..#
#.# ####.#..# #.##
#.. .....# ...#.###
##.##.# ......# #.#
.# ...#.## ... .#


You could see Grinder (unable to see you).

Vanquished Creatures
  A sky beast (D:5)
  A hound (D:4)
  An orc priest (D:3)
  A jelly (D:4)
  4 adders (D:2)
  2 ufetubi (D:4)
  2 worms
  3 dart slugs
  5 orcs
  11 endoplasms
  2 giant cockroaches (D:1)
  10 goblins
  9 hobgoblins
  8 jackals (D:1)
  8 kobolds
  6 ball pythons
  4 bats
  4 frilled lizards
  4 rats
86 creatures vanquished.

Vanquished Creatures (collateral kills)
  An orc wizard (D:5)
  2 orcs (D:5)
3 creatures vanquished.

Grand Total: 89 creatures vanquished

Notes
Turn   | Place    | Note
-------+----------+-------------------------------------------
     0 | D:1      | sleeves the Vampire Hunter began the quest for the Orb.
     0 | D:1      | Reached XP level 1. HP: 16/16 MP: 1/1
    96 | D:1      | Reached skill level 2 in Stealth
   124 | D:1      | Reached skill level 3 in Stealth
   140 | D:1      | Reached XP level 2. HP: 22/22 MP: 2/2
   161 | D:1      | Reached skill level 4 in Stealth
   720 | D:1      | Found a faded altar of an unknown god.
   728 | D:1      | Got Plato's Treatise on Gloom
   857 | D:2      | Reached skill level 1 in Short Blades
   857 | D:2      | Gained mutation: You are afflicted with vampirism and can
                  | become a bat while bloodless. [Vampire growth]
   857 | D:2      | Reached XP level 3. HP: 27/27 MP: 3/3
   957 | D:2      | Reached skill level 5 in Stealth
  1203 | D:2      | Reached skill level 2 in Short Blades
  1203 | D:2      | Reached XP level 4. HP: 33/33 MP: 4/4
  1981 | D:3      | Found a sacrificial altar of Ru.
  2094 | D:3      | Reached skill level 6 in Stealth
  2122 | D:3      | HP: 16/33 [orc/+0 falchion (5)]
  2128 | D:3      | Reached skill level 3 in Short Blades
  2128 | D:3      | Reached XP level 5. HP: 11/38 MP: 5/5
  2645 | D:4      | Noticed Blork the orc
  2765 | D:4      | Reached skill level 7 in Stealth
  2809 | D:4      | Noticed Grinder
  2822 | D:4      | Paralysed by Grinder for 4 turns
  2923 | D:5      | Entered Level 5 of the Dungeon
  2931 | D:5      | Noticed a sky beast
  2972 | D:5      | Killed a sky beast
  2973 | D:5      | Reached skill level 4 in Short Blades
  2973 | D:5      | Reached XP level 6. HP: 36/44 MP: 6/6
  3016 | D:5      | Noticed Sigmund
  3059 | D:4      | HP: 13/44 [Grinder/nerve-wracking pain (14)]
  3060 | D:4      | Paralysed by Grinder for 5 turns
  3064 | D:4      | HP: 3/44 [Grinder (6)]
  3064 | D:4      | HP: 1/44 [Grinder (2)]
  3066 | D:4      | Killed from afar by Grinder

Illustrated notes

Levels and vault maps discovered:
D:1:      kilobyte_arrival_exit_the_forest, layout_basic,
          shapermc_ecumenical_altar_rom_forum
D:2:      layout_basic, minmay_goblin_outpost
D:3:      layout_basic, nicolae_ru_path_of_blood, kennysheep_generic_room_2
D:4:      layout_loops_ring, mainiacjoe_overflow_chevrons, serial_shops,
          nicolae_square_shop, serial_park_tiny_pond, hex_large,
          nicolae_figureground_sparkle, uniq_blork_the_orc, uniq_grinder
D:5:      layout_rooms, uniq_sigmund

Skill      XL: |  1  2  3  4  5 |
---------------+----------------+-----
Stealth        | 3 4 5 6 7 |  7.9
Short Blades   | 1 2 3 4 |  4.4
Fighting       | |  1.7
Ranged Weapons | |  3.2
Dodging        | |  2.1

Action                   |  1- 3 |  4- 6 || total
-------------------------+-------+-------++-------
Melee: Dagger            |       |    46 ||    46
       Punch             |       |     1 ||     1
       Bite              |       |     1 ||     1
 Fire: Shortbow          |    83 |   106 ||   189
  Use: Scroll            |       |     1 ||     1
       Potion            |       |     5 ||     5
 Stab: Sleeping          |       |     2 ||     2
       Distracted        |       |     1 ||     1
Armor: Leather armour    |     8 |    19 ||    27
Dodge: Dodged            |    48 |    44 ||    92

Table legend: (Time is in decaauts)
 A = Elapsed time spent in this place.
 B = Non-inter-level travel time spent in this place.
 C = Inter-level travel time spent in this place.
 D = Time resting spent in this place.
 E = Time spent auto-exploring this place.
 F = Levels seen in this place.
 G = Mean time per level.
                   A        B        C        D        E       F      G
               +--------+--------+--------+--------+--------+-----+--------+
         Total |   3128 |   2987 |    141 |      0 |   2360 |   5 |  625.6 |
       Dungeon |   3128 |   2987 |    141 |      0 |   2360 |   5 |  625.6 |
               +--------+--------+--------+--------+--------+-----+--------+

Top non-repeatable levels by time:
     D:3: 994 daAuts
     D:2: 911 daAuts
     D:1: 852 daAuts
     D:4: 239 daAuts
     D:5: 131 daAuts
